 Dungeon Crawl Stone Soup version 0.31-a0-233-g139696dc86 (webtiles) character file.

Game seed: 1939919802715949863

53 qw the Shooter (level 3, 0/29 HPs)
             Began as a Minotaur Hexslinger on July 9, 2023.
             Slain by a gnoll
             ... wielding a +0 spear
              (7 damage)
             ... on level 2 of the Dungeon.
             The game lasted 00:00:30 (1334 turns).

qw the Shooter (Minotaur Hexslinger)                Turns: 1334, Time: 00:00:30

Health: 0/29       AC:  3    Str: 12    XL:     3   Next: 64%
Magic:  3/3        EV: 12    Int: 10    God:
Gold:   30         SH:  0    Dex: 14    Spells: 3/4 levels left

rFire   . . .        Y - +1 sling
rCold   + . .        (no shield)
rNeg    . . .        c - +0 robe
rPois   .            (helmet restricted)
rElec   .            (no cloak)
rCorr   .            i - +0 pair of gloves
SInv    .            (no boots)
Will    .....        (no amulet)
Stlth   +            d - ring of protection from cold
HPRegen 0.24/turn    (no ring)
MPRegen 0.08/turn

%: no passive effects
@: about to teleport
A: horns 2, retaliatory headbutt
a: no special abilities


You were on level 2 of the Dungeon.
You visited 1 branch of the dungeon, and saw 2 of its levels.

You collected 30 gold pieces.


Innate Abilities, Weirdness & Mutations

You have a pair of horns on your head.
You reflexively headbutt those who attack you in melee.


   Skills:
 - Level 2.0 Fighting
 + Level 4.2 Ranged Weapons
 - Level 2.1 Dodging
 - Level 1.0 Spellcasting
 - Level 2.0 Hexes


You had 3 spell levels left.
You knew the following spells:

 Your Spells              Type           Power      Damage    Failure   Level
a - Slow                  Hex            16%        N/A       16%         1

Your spell library contained the following spells:

 Spells                   Type           Power      Damage    Failure   Level
 Inner Flame              Hex/Fire       2%         N/A       56%         3
 Portal Projectile        Hex/Tloc       4%         N/A       56%         3
 Cause Fear               Hex            2%         N/A       83%         4

Inventory:

Hand Weapons
 Y - a +1 sling (weapon)
Armour
 c - a +0 robe (worn)
 i - a +0 pair of gloves (worn)
Jewellery
 d - a ring of protection from cold (left hand)
Scrolls
 a - a scroll of identify {unknown}
 e - a scroll of fear {unknown}
 f - a scroll of brand weapon {unknown}
 g - a scroll of revelation {unknown}

Dungeon Overview and Level Annotations

Branches:
Dungeon (2/15)

Altars:


Message History

Enter note:
Found a stone staircase leading up.
Enter note:
Enter note:
Enter note:
Enter note:
Enter note:
Enter note: You open the door. 4 gnolls and a kobold come into view.
The gnoll shouts! x3; The kobold shouts!
Found a scale mail.
Enter note:
Enter note:
Enter note:
Enter note:
Enter note:
Enter note: You shoot a sling bullet.
The sling bullet hits the gnoll.
The gnoll is lightly wounded.
You shoot a sling bullet.
The sling bullet barely misses the gnoll.
The gnoll completely misses you. The gnoll hits you with a +0 flail!
The gnoll hits you from afar with a +0 spear.
You shoot a sling bullet. The sling bullet hits the gnoll.
The gnoll is moderately wounded.
The gnoll misses you.
The gnoll hits you from afar with a +0 spear.
The gnoll misses you.
You shoot a sling bullet.
The sling bullet closely misses the gnoll.
The sling bullet hits the gnoll.
The gnoll is heavily wounded.
The gnoll hits you from afar with a +0 spear.
The gnoll hits you with a +0 flail. The gnoll barely misses you.
1334 ||| READING scroll of teleportation.
As you read the scroll of teleportation, it crumbles to dust.
You feel strangely unstable.
The gnoll hits you from afar with a +0 spear!
You die...

#..## #......#.#
#####...####.........###....#...#
...........+.........+.......#..#
#####...####.[.......###....##..#
#..## ....... #......... #.##
..g.. #.##.###.# #.#


ggK #.##.###.# #.# #g# #........# #.# #@# ####.##### #.# ###.## #.# .. #....#
#.# #....## #.# ####.....# #.# .<......## #.# ######..#########.# ##...........#
############# You could see 4 gnolls and a kobold.

Vanquished Creatures
  An adder (D:2)
  A worm (D:2)
  2 dart slugs
  A ball python (D:1)
  4 endoplasms
  A giant cockroach (D:1)
  5 hobgoblins
  3 jackals (D:1)
  4 kobolds
  A quokka (D:1)
  6 bats (D:1)
  2 frilled lizards (D:1)
  4 rats (D:1)
35 creatures vanquished.

Notes
Turn   | Place    | Note
-------+----------+-------------------------------------------
     0 | D:1      | qw the Minotaur Hexslinger began the quest for the Orb.
     0 | D:1      | Reached XP level 1. HP: 16/16 MP: 1/1
     0 | D:1      | 0 ||| qw: Version: 0.3-a-51-g015441d
     0 | D:1      | 0 ||| qw: Game counter: 3803
     0 | D:1      | 0 ||| qw: Melee chars always use a shield: true
     0 | D:1      | 0 ||| qw: God list: Okawaru
     0 | D:1      | 0 ||| qw: Allow faded altars: false
     0 | D:1      | 0 ||| qw: Do Orc after clearing Dungeon:15 true
     0 | D:1      | 0 ||| qw: Do second Lair branch before Depths: true
     0 | D:1      | 0 ||| qw: Lair rune preference: random
     0 | D:1      | 0 ||| qw: Goals: Normal
     0 | D:1      | 0 ||| PLANNING D:1-11
   298 | D:1      | Reached skill level 3 in Ranged Weapons
   315 | D:1      | Reached XP level 2. HP: 23/23 MP: 2/2
   375 | D:1      | Found a faded altar of an unknown god.
   434 | D:1      | 434 ||| FLEEEEING.
   435 | D:1      | 435 ||| FLEEEEING.
   436 | D:1      | 436 ||| FLEEEEING.
   437 | D:1      | 437 ||| FLEEEEING.
   438 | D:1      | 438 ||| FLEEEEING.
   439 | D:1      | 439 ||| FLEEEEING.
   440 | D:1      | 440 ||| FLEEEEING.
   441 | D:1      | 441 ||| FLEEEEING.
   632 | D:1      | Reached XP level 3. HP: 28/29 MP: 3/3
   820 | D:1      | 820 ||| UPGRADING to +0 pair of gloves.
   825 | D:1      | 825 ||| UPGRADING to ring of protection from cold.
   826 | D:1      | 826 ||| READING 2 scrolls labelled KETERO DOAHA.
   827 | D:1      | 827 ||| READING scroll labelled JINYC ZEETTIU.
   832 | D:1      | 832 ||| READING scroll labelled ONUIBE SAXUM.
   833 | D:1      | 833 ||| READING scroll labelled PAROEBE POAB.
   834 | D:1      | 834 ||| DROPPING scroll of fog.
   835 | D:1      | 835 ||| DROPPING scroll of poison.
  1003 | D:2      | Reached skill level 4 in Ranged Weapons
  1333 | D:2      | HP: 7/29 [gnoll/+0 flail (3)]
  1334 | D:2      | 1334 ||| READING scroll of teleportation.
  1334 | D:2      | Slain by a gnoll

Levels and vault maps discovered:
D:1:      dpeg_arrival_circle_labyrinth_c, layout_loops_ring,
          shapermc_ecumenical_altar_venn, corexii_item_surrounded_by_moat
D:2:      layout_loops_corners

Skill      XL: |  1  2  3 |
---------------+----------+-----
Ranged Weapons | 3 4 |  4.2
Fighting       | 2 |  2.0
Dodging        | |  2.1
Spellcasting   | |  1.0
Hexes          | |  2.0

Action                     || total
---------------------------++-------
   Fire: Sling             ||   116
    Use: Scroll            ||     5
 Armour: Robe              ||     6
  Dodge: Dodged            ||    33

Table legend:
 A = Non-vault XP
 B = Vault XP
 C = Vault XP percentage of total XP
 D = Non-vault monster count
 E = Vault monster count
 F = Vault count percentage of total count
                 A         B        C        D         E       F
            +---------+---------+-------+---------+---------+-------
      Total |      77 |       0 |   0.0 |      35 |       0 |   0.0
            +---------+---------+-------+---------+---------+-------
        D:1 |      41 |       0 |   0.0 |      25 |       0 |   0.0
        D:2 |      36 |       0 |   0.0 |      10 |       0 |   0.0
            +---------+---------+-------+---------+---------+-------
